 Dungeon Crawl Stone Soup version 0.32-a0-791-gfc315c9ecd (webtiles) character file.

Game seed: 11752985111757644841

140111 Doorstop00 the Severer (level 16, -9/151 HPs)
             Began as a Minotaur Berserker on Mar 19, 2024.
             Was a High Priest of Trog.
             Killed by angry trees
             ... awakened by a spriggan druid
              (13 damage)
             ... on level 2 of the Swamp on Mar 20, 2024.
             The game lasted 04:08:31 (31320 turns).

Doorstop00 the Severer (Minotaur Berserker)        Turns: 31320, Time: 04:08:31

Health: -9/151     AC: 20    Str: 27    XL:     16   Next: 75%
Magic:  15/15      EV: 11    Int:  6    God:    Trog [*****.]
Gold:   1128       SH: 21    Dex: 11    Spells: 15/15 levels left

rFire   . . .        w - +10 hand axe "Sadarr" {heavy, Fly}
rCold   + . .        T - +0 tower shield
rNeg    . . .        K - +4 chain mail {rC+}
rPois   +            (helmet restricted)
rElec   .            l - +0 cloak
rCorr   +            (no gloves)
SInv    .            P - +2 pair of boots
Will    +....        k - amulet of reflection Stlth
                     h - ring of poison resistance
HPRegen 0.45/turn    q - ring of resist corrosion
MPRegen 0.14/turn

%: reflection
@: marked, corroded, flying, hasted, very quick
A: horns 2, retaliatory headbutt
a: Renounce Religion, Berserk, Trog's Hand, Brothers in Arms


You were on level 2 of the Swamp.
You worshipped Trog.
Trog was extremely pleased with you.
You visited 4 branches of the dungeon, and saw 24 of its levels.
You also visited: Ice Cave.

You collected 2949 gold pieces.
You spent 1821 gold pieces at shops.

Inventory:

Hand Weapons
 w - the +10 hand axe "Sadarr" (weapon) {heavy, Fly}
   (Trog gifted it to you on level 2 of the Orcish Mines)

   Fly:       It grants you flight.
 S - a +5 eveningstar of flaming
 V - a +3 antimagic broad axe
 W - the +8 battleaxe of Equilibrium {drain, rPois Will- MP+9}
   (You bought it in a shop on level 2 of the Orcish Mines)

   rPois:     It protects you from poison.
   Will-:     It decreases your willpower.
   MP+9:      It affects your magic capacity (+9).
Armour
 g - +0 acid dragon scales
 l - a +0 cloak (worn)
 v - a +0 hat
 z - the +3 ring mail "Kani" {rCorr Str+3}
   (You found it on level 15 of the Dungeon)

   Str+3:     It affects your strength (+3).
   rCorr:     It protects you from acid and corrosion.
 K - a +4 chain mail of cold resistance (worn)
 P - a +2 pair of boots (worn)
 T - a +0 tower shield (worn)
Jewellery
 a - a +4 ring of protection
 h - a ring of poison resistance (left hand)
 j - a +6 ring of intelligence
 k - an amulet of reflection (around neck)
 p - a ring of protection from cold
 q - a ring of resist corrosion (right hand)
 y - a ring of see invisible
 D - an amulet of regeneration
 F - a ring of protection from fire
Wands
 e - a wand of acid (13)
 r - a wand of warping (16) (quivered)
 x - a wand of digging (6)
 H - a wand of charming (5)
 L - a wand of polymorph (17)
 R - a wand of mindburst (11)
Scrolls
 c - 4 scrolls of fog
 d - 2 scrolls of blinking
 f - 2 scrolls of enchant weapon
 i - 8 scrolls of teleportation
 m - 2 scrolls of fear
 n - 2 scrolls of identify
 A - 3 scrolls of silence
 C - 4 scrolls of butterflies
 E - 4 scrolls of immolation
 N - 3 scrolls of enchant armour
 O - a scroll of poison
 Q - a scroll of revelation
Potions
 o - 3 potions of curing
 s - 8 potions of heal wounds
 t - 2 potions of haste
 u - a potion of invisibility
 B - 4 potions of enlightenment
Miscellaneous
 b - a box of beasts
 G - a phial of floods


   Skills:
 * Level 15.8 Fighting
 - Level 18.1(18.9) Axes
 * Level 9.7(15.0) Maces & Flails
 * Level 14.0 Armour
 * Level 11.2 Dodging
 + Level 1.1 Stealth
 * Level 13.1 Shields
 * Level 9.0 Evocations


You had 15 spell levels left.
You didn't know any spells.
Your spell library was empty.

Dungeon Overview and Level Annotations

Branches:
Dungeon (15/15)            Temple (0/1) D:6            Lair (5/5) D:10
  Swamp (2/4) Lair:2        Snake (0/4) Lair:3        Slime (0/5) Lair:4
    Orc (2/2) D:12            Elf (0/3) Orc:2        Vaults (0/5) D:14
 Depths (0/4) D:15          IceCv (visited)

Altars:
Ashenzari
Cheibriados
Sif Muna
Trog
Wu Jian
Zin
Beogh
Jiyva

Shops:
D:7 =   D:10 ?*   Orc:1 (   Orc:2 *:*(

Annotations:
Swamp:1 2 transporters, cforsyth's ghost, adept MDCA


Innate Abilities, Weirdness & Mutations

You have a pair of horns on your head.
You reflexively headbutt those who attack you in melee.


Message History

The alligator bites you. The alligator drags you backwards!
The swamp worm bites you! The swamp worm closely misses you.
You furiously retaliate!
You headbutt the swamp worm.
The thorn hunter hits the briar patch but does no damage. x2
The eleionoma hits you!
Blink to where?
Press: ? - help, Dir - move target A spriggan rider, a spriggan and a tyrant leech come into view.
As you read the scroll of blinking, it crumbles to dust.
You feel yourself speed up.
A spriggan druid comes into view. It is wielding a +0 quarterstaff.
The spriggan rider hits you from afar with a +0 spear.
The tyrant leech bites you!
The tyrant leech draws strength from your injuries!
The eleionoma flows through the trees.
A spriggan druid comes into view. It is wielding a +0 morningstar.
An alligator comes into view.
The eleionoma flows through the trees.
A spriggan druid comes into view. It is wielding a +0 quarterstaff.
An alligator comes into view.
You block the spriggan rider's attack.
The briar patch crumbles away. x2
The spriggan druid casts a spell.
The forest starts to sway and rumble!
You block the spriggan rider's attack. A root smacks you from below!
* * * LOW HITPOINT WARNING * * *
The alligator attacks as it pursues you!
The alligator misses you. You furiously retaliate!
You headbutt the alligator! The alligator closely misses you.
You are hit by a branch!
* * * LOW HITPOINT WARNING * * *
The eleionoma flows through the trees.
The spriggan druid hits you with a +0 quarterstaff.
* * * LOW HITPOINT WARNING * * *
A root smacks you from below!
* * * LOW HITPOINT WARNING * * *
There is a stone staircase leading up, spattered with blood here.
Branches wave dangerously above you. A root smacks you from below!
You die...

♣♣..~P~~.§~~.~~~..~
♣♣♣~~~P.~~.~~~.~~♣~~...
....~~PP~~..~.~~.~~~♣.§~
♣♣wR..P§~~~~i§i~~...~.~~
F†.~.♣~~~~.i~..~♣.~~~~~♣
.R.~♣♣♣~.w.~~.~~..~.§~.~
fF..♣ ♣♣.~~~l.~..~♣~~♣
P.~..♣ ♣.~.Fi.♣♣.~~~~♣~.
..♣~♣♣ ♣♣.♣.lwiR@~~~~~~.
~.♣♣♣ ♣♣♣♣♣.~~....~...
.~♣ ♣♣.)..♣~~.♣♣ ♣♣♣
♣♣...♣♣ ~[♣ ♣♣♣ ♣...♣♣
.~♣ ♣♣.♣♣♣.(♣♣ ~>
♣...♣..♣♣ . ♣♣...~.♣♣
♣~♣♣.♣♣♣


You could see an eleionoma, an alligator, a tyrant leech, a spriggan rider, 3
spriggan druids, a goliath frog and a swamp worm.

Vanquished Creatures
  Kirke (D:13)
  Gastronok (D:8)
  2 orc warlords
  An eleionoma (Swamp:1)
  2 bunyips (Swamp:1)
  Azrael (D:14)
  A white draconian (IceCv)
  Snorg (Lair:3)
  Josephine (Lair:5)
  6 hydras
  4 centaur warriors
  Erica (D:10)
  8 two-headed ogres
  4 boulder beetles
  5 death yaks
  A tengu warrior (D:12)
  3 orc high priests (Orc:2)
  Urug (D:12)
  Amaemon (D:8)
  A skyshark (Lair:4)
  Lodul (D:12)
  A goliath frog (Swamp:1)
  A glowing orange brain (D:15)
  A bog body (Swamp:2)
  4 orc knights
  A deep elf pyromancer (D:13)
  3 obsidian bats
  5 cyclopes
  2 wolf spiders (Lair:5)
  3 manticores
  6 orc sorcerers (Orc:2)
  3 will-o-the-wisps (Swamp:1)
  20 ugly things
  5 elephants
  8 black mambas
  2 torpor snails (Lair:3)
  An orange demon (D:8)
  A guardian serpent (Lair:5)
  7 kobold blastminers
  2 ice statues (IceCv)
  2 unseen horrors
  7 rime drakes
  A kobold demonologist (D:11)
  Maggie (D:8)
  13 cane toads
  12 komodo dragons
  A yaktaur (D:14)
  5 tyrant leeches
  8 trolls
  A queen bee (shapeshifter) (D:13)
  5 polar bears
  6 hornets
  23 blink frogs
  Sigmund (D:2)
  4 slime creatures
  3 spriggans
  2 water elementals (D:11)
  A shadow (D:10)
  9 wyverns
  61 yaks
  4 hogs (D:13)
  A yak (shapeshifter) (D:14)
  2 fire bats (Lair:5)
  2 wargs
  5 wraiths
  A fire elemental (D:14)
  4 basilisks
  8 vampire mosquitoes
  A steam dragon (D:10)
  A redback (Lair:5)
  2 nagas (Lair:3)
  2 acid dragons
  7 swamp worms
  5 hell hounds (D:14)
  21 water moccasins
  2 black bears
  2 ice beasts
  43 orc warriors
  A sky beast (D:7)
  A swamp drake (Swamp:1)
  4 boggarts (D:14)
  8 centaurs
  31 ogres
  6 wolves (Lair:2)
  A phantom (D:5)
  3 kobold brigands (D:11)
  2 scorpions
  A two-headed ogre simulacrum (D:13)
  2 cane toad simulacra (D:13)
  A gnoll sergeant (D:12)
  12 bullfrogs
  10 wights
  9 killer bees
  4 lindwurm simulacra (IceCv)
  2 bombardier beetles
  4 howler monkeys
  6 electric eels
  A bombardier beetle (shapeshifter) (D:15)
  7 komodo dragon simulacra (IceCv)
  A lava snake (Lair:5)
  3 hounds
  2 gnoll boudas
  30 orc priests
  4 iguanas
  19 orc wizards
  7 hell rats
  A spriggan simulacrum (D:13)
  3 troll simulacra (D:13)
  A wolf simulacrum (D:13)
  4 adders
  28 gnolls
  4 acid dragon simulacra (IceCv)
  15 river rats
  A shadow imp (D:6)
  2 white imps
  6 steam dragon simulacra (IceCv)
  2 ufetubi (D:5)
  A dart slug (D:4)
  5 ribbon worms
  118 orcs
  5 endoplasms
  A giant cockroach (D:4)
  8 hobgoblins
  5 jackals
  10 kobolds
  2 quokkas
  12 ball pythons
  3 bats
  2 frilled lizards
  6 goblins
  11 rats
840 creatures vanquished.

Vanquished Creatures (collateral kills)
  An orc high priest (Orc:2)
  2 orc warriors (Orc:2)
  2 orc priests (Orc:2)
  An orc wizard (Orc:2)
6 creatures vanquished.

Vanquished Creatures (others)
  A goliath frog (Swamp:1)
  A bloated husk (Swamp:1)
  An orc wizard (Orc:2)
  2 orcs (D:12)
  20 foxfires (Swamp:1)
25 creatures vanquished.

Grand Total: 871 creatures vanquished

Notes
Turn   | Place    | Note
-------+----------+-------------------------------------------
     0 | D:1      | Doorstop00 the Minotaur Berserker began the quest for the
                  | Orb.
     0 | D:1      | Reached XP level 1. HP: 19/19 MP: 0/0
   175 | D:1      | Reached skill level 4 in Axes
   175 | D:1      | Reached XP level 2. HP: 21/27 MP: 1/1
   823 | D:2      | Noticed Sigmund
   847 | D:2      | Killed Sigmund
   848 | D:2      | Reached skill level 5 in Fighting
   848 | D:2      | Reached skill level 5 in Axes
   848 | D:2      | Reached XP level 3. HP: 14/36 MP: 2/2
   848 | D:2      | Reached XP level 4. HP: 17/42 MP: 3/3
   848 | D:2      | Reached XP level 5. HP: 19/48 MP: 4/4
  1390 | D:2      | Reached ** piety under Trog
  1511 | D:2      | Identified the +0 chain mail "Mivi" {-Cast rC+ Slay+2}
  1663 | D:3      | Reached skill level 6 in Axes
  1690 | D:3      | Reached XP level 6. HP: 56/56 MP: 5/5
  2315 | D:3      | Found an ornate altar of the Wu Jian Council.
  2321 | D:3      | Noticed a spectral centipede
  2321 | D:3      | Noticed a spectral black mamba
  2321 | D:3      | Noticed a spectral cane toad
  3139 | D:5      | Entered Level 5 of the Dungeon
  3229 | D:5      | Reached skill level 7 in Axes
  3364 | D:5      | Noticed an ice beast
  3367 | D:5      | Killed an ice beast
  3368 | D:5      | Reached XP level 7. HP: 61/61 MP: 6/6
  3438 | D:5      | Found a snail-covered altar of Cheibriados.
  3457 | D:5      | Reached *** piety under Trog
  3458 | D:5      | Reached skill level 1 in Shields
  3578 | D:5      | Reached skill level 8 in Axes
  3588 | D:5      | Reached skill level 1 in Evocations
  4199 | D:6      | Found a bloodstained altar of Trog.
  4273 | D:6      | Found a staircase to the Ecumenical Temple.
  4275 | D:6      | Noticed a two-headed ogre
  4284 | D:6      | Killed a two-headed ogre
  4285 | D:6      | Reached skill level 9 in Axes
  4285 | D:6      | Reached skill level 5 in Armour
  4285 | D:6      | Reached XP level 8. HP: 71/71 MP: 4/7
  4426 | D:6      | Found a shimmering blue altar of Sif Muna.
  4438 | D:6      | Reached skill level 5 in Dodging
  4556 | D:6      | Reached skill level 10 in Axes
  4865 | D:6      | Reached XP level 9. HP: 78/78 MP: 8/8
  5481 | D:7      | Found Mokol's Jewellery Emporium.
  6430 | D:8      | Noticed Gastronok
  6439 | D:8      | Killed Gastronok
  6440 | D:8      | Reached skill level 11 in Axes
  6536 | D:8      | Noticed Amaemon
  6536 | D:8      | Noticed an orange demon
  6542 | D:8      | Killed an orange demon
  6543 | D:8      | Reached XP level 10. HP: 83/88 MP: 9/9
  6550 | D:8      | Killed Amaemon
  6551 | D:8      | Reached skill level 12 in Axes
  6679 | D:8      | Reached **** piety under Trog
  6977 | D:8      | Noticed Maggie
  6988 | D:8      | Killed Maggie
  7973 | D:9      | Reached skill level 13 in Axes
  8163 | D:9      | Reached skill level 5 in Shields
  8218 | D:9      | You fall into a shaft and drop 2 floors!
  8283 | D:10     | Entered Level 10 of the Dungeon
  8587 | D:10     | Noticed Erica
  8587 | D:10     | Noticed a two-headed ogre
  8644 | D:10     | Killed Erica
  8645 | D:10     | Reached XP level 11. HP: 88/97 MP: 8/10
  8975 | D:10     | Found Dela's General Store.
  9013 | D:10     | Found Melocwad's Magic Scroll Boutique.
  9017 | D:10     | Bought a scroll of enchant weapon for 105 gold pieces
  9017 | D:10     | Bought a scroll of enchant armour for 105 gold pieces
  9017 | D:10     | Bought a scroll of blinking for 105 gold pieces
  9017 | D:10     | Bought a scroll of blinking for 105 gold pieces
  9051 | D:10     | Killed a two-headed ogre
  9103 | D:10     | Found a glowing silver altar of Zin.
  9124 | D:10     | Noticed a death yak
  9148 | D:10     | Killed a death yak
  9149 | D:10     | Reached skill level 5 in Evocations
  9149 | D:10     | Found a staircase to the Lair.
  9154 | D:10     | Reached skill level 14 in Axes
  9251 | D:10     | Identified the +1 robe of Jofetiep {Dex+3}
  9504 | D:11     | Noticed a two-headed ogre
  9516 | D:11     | Killed a two-headed ogre
  9517 | D:11     | Reached skill level 10 in Fighting
 10104 | D:11     | Noticed a two-headed ogre
 10112 | D:11     | Killed a two-headed ogre
 10298 | Lair:1   | Entered Level 1 of the Lair of Beasts
 10742 | Lair:1   | Reached XP level 12. HP: 97/107 MP: 11/11
 10748 | Lair:1   | Reached skill level 15 in Axes
 11373 | Lair:2   | Reached skill level 10 in Armour
 11401 | Lair:2   | Reached ***** piety under Trog
 11928 | Lair:2   | Found a staircase to the Swamp.
 14130 | Lair:3   | Noticed a five-headed hydra
 14138 | Lair:3   | Killed a five-headed hydra
 14139 | Lair:3   | Reached skill level 16 in Axes
 14429 | Lair:3   | Noticed a five-headed hydra
 14440 | Lair:3   | Killed a five-headed hydra
 14441 | Lair:3   | Reached skill level 1 in Maces & Flails
 14783 | Lair:3   | Found a staircase to the Snake Pit.
 14833 | Lair:3   | Reached XP level 13. HP: 51/114 MP: 12/12
 15180 | Lair:3   | Noticed Snorg
 15200 | Lair:3   | Killed Snorg
 15201 | Lair:3   | Reached skill level 1 in Stealth
 16573 | Lair:4   | Found a viscous altar of Jiyva.
 16574 | Lair:4   | Found a staircase to the Slime Pits.
 17579 | Lair:5   | Entered Level 5 of the Lair of Beasts
 18286 | Lair:5   | Reached ****** piety under Trog
 18303 | Lair:5   | Noticed Josephine
 18404 | Lair:5   | Killed Josephine
 18591 | Lair:5   | Reached XP level 14. HP: 123/129 MP: 13/13
 18604 | Lair:5   | Reached skill level 5 in Maces & Flails
 18607 | Lair:5   | Received a gift from Trog
 18714 | Lair:5   | Reached XP level 15. HP: 136/136 MP: 14/14
 19101 | Lair:5   | Reached skill level 10 in Dodging
 19296 | Lair:5   | Reached skill level 17 in Axes
 20394 | D:12     | Noticed Lodul
 20405 | D:12     | Killed Lodul
 20500 | D:12     | Noticed Urug
 20514 | D:12     | Killed Urug
 20566 | D:12     | Received a gift from Trog
 20701 | D:12     | Found a staircase to the Orcish Mines.
 20828 | D:12     | Reached skill level 10 in Shields
 21636 | Orc:1    | Entered Level 1 of the Orcish Mines
 21902 | Orc:1    | Found a roughly hewn altar of Beogh.
 22089 | Orc:1    | Found Geteigem's Weapon Shop.
 22226 | Orc:1    | Found a roughly hewn altar of Beogh.
 22342 | Orc:2    | Entered Level 2 of the Orcish Mines
 22388 | Orc:2    | Received a gift from Trog
 22892 | Orc:2    | Found a roughly hewn altar of Beogh.
 22926 | Orc:2    | Paralysed by an orc sorcerer for 4 turns
 23048 | Orc:2    | Found Irusib Nuess's Book Shoppe.
 23075 | Orc:2    | Found Guot's Assorted Antiques.
 23603 | Orc:2    | Found a staircase to the Elven Halls.
 23673 | Orc:2    | Identified the +10 hand axe "Sadarr" {heavy, Fly} (Trog
                  | gifted it to you on level 2 of the Orcish Mines)
 23673 | Orc:2    | Received a gift from Trog
 23705 | Orc:2    | Identified the -2 buckler "Yhadoism" {Rampage Str+3 Dex+3}
 24012 | Orc:2    | Found Beack's Assorted Antiques.
 24031 | Orc:2    | Reached XP level 16. HP: 117/147 MP: 5/15
 24048 | Orc:2    | Bought a scroll of enchant armour for 225 gold pieces
 24109 | Orc:2    | Found Ururyapp's Antique Weapon Emporium.
 24267 | Orc:2    | Reached skill level 18 in Axes
 24322 | Orc:2    | Found a roughly hewn altar of Beogh.
 24735 | Orc:2    | Bought a scroll of enchant armour for 255 gold pieces
 24735 | Orc:2    | Bought a glowing diamond ring for 170 gold pieces
 24735 | Orc:2    | Bought a masterwork battleaxe for 391 gold pieces
 24735 | Orc:2    | Identified the +8 battleaxe of Equilibrium {drain, rPois
                  | Will- MP+9} (You bought it in a shop on level 2 of the
                  | Orcish Mines)
 25021 | D:13     | Found a frozen archway.
 25039 | D:13     | Received a gift from Trog
 25053 | IceCv    | Entered an ice cave
 25427 | D:13     | Noticed Kirke
 25454 | D:13     | Killed Kirke
 25868 | D:13     | Reached skill level 15 in Fighting
 26073 | D:14     | Noticed Azrael
 26089 | D:14     | Killed Azrael
 26384 | D:14     | Upgraded the game from 0.32-a0-779-g362cfcae2a to
                  | 0.32-a0-791-gfc315c9ecd
 27131 | D:14     | Found a gate to the Vaults.
 27428 | D:14     | Received a gift from Trog
 27649 | D:15     | Entered Level 15 of the Dungeon
 27877 | D:7      | Bought an amulet of reflection for 360 gold pieces
 28224 | D:15     | Found a broken altar of Ashenzari.
 28973 | D:15     | Identified the +3 ring mail "Kani" {rCorr Str+3}
 29515 | D:15     | Found a staircase to the Depths.
 29724 | Swamp:1  | Entered Level 1 of the Swamp
 30049 | Swamp:1  | Identified the staff of Sif Muna's Grace {Fly rPois Str+3
                  | Alchemy}
 30309 | Swamp:1  | Found a transporter.
 30320 | Swamp:1  | Found a transporter.
 30324 | Swamp:1  | Noticed cforsyth's ghost (adept MDCA)
 31302 | Swamp:2  | Noticed a thorn hunter
 31318 | Swamp:2  | HP: 3/151 [spriggan druid/angry trees (12)]
 31320 | Swamp:2  | Killed from afar by a spriggan druid

Illustrated notes

Levels and vault maps discovered:
D:1:      lightli_arrival_lavapool, layout_basic
D:2:      layout_loops_ring, grunt_ministairs_15, uniq_sigmund
D:3:      layout_loops_corners, pdpol_wu_jian_five_deadly_venoms
D:4:      layout_cave_pools, chequers_serial_rivers_micro_e, serial_bayou_ford_a
D:5:      layout_basic, lemuel_tele_altar
D:6:      layout_loops_corners, trog_hazing_becter,
          mainiacjoe_overflow_small_starburst, minmay_temple_entry_mini_moons
D:7:      layout_layer_cave, serial_shops, shop, nicolae_figureground_sparkle
D:8:      layout_basic, uniq_amaemon, uniq_gastronok, uniq_maggie
D:9:      layout_rooms
D:10:     layout_irregular_city, general_overflow_altar, dpeg_lair_monsters,
          serial_shops, nicolae_shop_behind_doors, nicolae_shop_rolling_square,
          kennysheep_crisscross, uniq_erica
D:11:     layout_basic
D:12:     layout_loops_ring, hiddenorc2_lemuel, uniq_lodul, uniq_urug
D:13:     layout_cave_pools, portal_ice_cave_entry_ice_simulacra, uniq_kirke
D:14:     layout_basic, hellmonk_vaults_attempted_burglary, uniq_azrael
D:15:     gammafunk_enter_depths_forms, layout_irregular_city,
          cheibrodos_ashenzari_chains
Lair:1:   layout_hall_layers
Lair:2:   layout_layer_cave, minmay_swamp_entry_worms
Lair:3:   nzn_winding_woodlands_small [nzn_winding_woodlands_5x15_twine,
          nzn_winding_woodlands_center_diamonds,
          nzn_winding_woodlands_5x15_jagged], layout_regular_city,
          guppyfry_snake_entry_island, serial_bayou_pond_e,
          kennysheep_abandoned_house, uniq_snorg
Lair:4:   layout_roguey, slime_entry_1, serial_bayou_pond_a, fungi_pond_lemuel,
          kennysheep_rathole, serial_bayou_shore_a
Lair:5:   hangedman_lair_tendril_chambers, layout_gridlike, minivault_27,
          uniq_josephine
Swamp:1:  layout_falls_marsh, gammafunk_ghost_berserking_beasts,
          serial_swamp_ruin, evilmike_swamp_ruin_house_5,
          evilmike_swamp_ruin_house_4, evilmike_swamp_ruin_rubble_1
Swamp:2:  layout_falls_marsh, infiniplex_staircase_pool, swamp_pool_3,
          nicolae_swamp_no_escape, uniq_nikola, uniq_mlioglotl
Orc:1:    layout_diamond_mine, serial_shops, nicolae_shop_bloodbath_and_beyond,
          basic_altar, mines2_david
Orc:2:    pubby_orc_utopia

Skill      XL: |  1  2  3  4  5  6  7  8  9 10 11 12 13 14 15 16 |
---------------+-------------------------------------------------+-----
Axes           | 4 5 6 7 9 10 11 13 14 16 17 18 | 18.1
Fighting       | 5 6 8 9 10 11 13 14 15 | 15.8
Armour         | 3 5 6 8 9 11 12 13 14 | 14.0
Dodging        | 3 4 5 6 7 8 9 10 11 | 11.2
Shields        | 2 4 5 7 8 9 10 13 | 13.1
Evocations     | 1 2 3 4 5 6 7 8 9 |  9.0
Maces & Flails | 1 4 6 8 9 |  9.7
Stealth        | 1 |  1.1

Action                     |  1- 3 |  4- 6 |  7- 9 | 10-12 | 13-15 | 16-18 || total
---------------------------+-------+-------+-------+-------+-------+-------++-------
  Melee: Hand axe          |    44 |   135 |       |       |       |   110 ||   289
         Headbutt          |     7 |    20 |    23 |   152 |   260 |   119 ||   581
         War axe           |       |    11 |   157 |   562 |   203 |       ||   933
         Demon whip        |       |       |       |    72 |   204 |       ||   276
         Eveningstar       |       |       |       |       |   377 |     6 ||   383
         Broad axe         |       |       |       |       |   322 |   330 ||   652
 Invoke: Berserk           |     1 |       |     2 |     2 |     2 |       ||     7
         Trog's Hand       |       |       |       |     3 |     1 |     1 ||     5
         Brothers in Arms  |       |       |       |       |       |     1 ||     1
  Evoke: Wand              |       |       |     2 |     2 |     8 |     1 ||    13
    Use: Scroll            |     2 |     3 |     8 |     7 |    10 |     4 ||    34
         Potion            |       |       |       |     1 |     2 |     1 ||     4
 Armour: Animal skin       |    13 |       |       |       |       |       ||    13
         Scale mail        |       |    34 |       |       |       |       ||    34
         Chain mail        |       |    32 |    95 |   369 |   702 |   276 ||  1474
         Ring mail         |       |     1 |       |       |       |    16 ||    17
  Dodge: Dodged            |    45 |   102 |    81 |   297 |   410 |   120 ||  1055
  Block: Buckler           |       |     1 |    11 |   100 |   127 |       ||   239
         Tower shield      |       |       |       |       |   289 |   408 ||   697
         Kite shield       |       |       |       |       |    52 |       ||    52
         Reflection        |       |       |       |       |       |     4 ||     4

Table legend: (Time is in decaauts)
 A = Elapsed time spent in this place.
 B = Non-inter-level travel time spent in this place.
 C = Inter-level travel time spent in this place.
 D = Time resting spent in this place.
 E = Time spent auto-exploring this place.
 F = Levels seen in this place.
 G = Mean time per level.
                   A        B        C        D        E       F      G
               +--------+--------+--------+--------+--------+-----+--------+
         Total |  31125 |  29144 |   1981 |   5232 |   7319 |  25 | 1245.0 |
       Dungeon |  16839 |  15745 |   1094 |   1963 |   6246 |  15 | 1122.6 |
          Lair |   9783 |   9146 |    637 |   2976 |    531 |   5 | 1956.6 |
         Swamp |   1195 |   1126 |     69 |    189 |    120 |   2 |  597.5 |
  Orcish Mines |   2959 |   2779 |    180 |     91 |    421 |   2 | 1479.5 |
      Ice Cave |    347 |    347 |      0 |     13 |      0 |   1 |  347.0 |
               +--------+--------+--------+--------+--------+-----+--------+

Top non-repeatable levels by time:
  Lair:2: 3383 daAuts
   Orc:2: 2347 daAuts
  Lair:3: 2029 daAuts
  Lair:5: 1850 daAuts
    D:14: 1718 daAuts
    D:12: 1542 daAuts
    D:11: 1489 daAuts
    D:15: 1367 daAuts
  Lair:1: 1337 daAuts
    D:10: 1329 daAuts
     D:7: 1297 daAuts
     D:8: 1259 daAuts
  Lair:4: 1183 daAuts
     D:6: 1085 daAuts
     D:5: 1060 daAuts
